Map: Disco-Massaker LE

Players

Kiter - Winner!

  • Race: Protoss Protoss
  • League: Platinum
  • Spawn Location: 9:00

aeox

  • Race: Protoss Protoss
  • League: Gold
  • Spawn Location: 3:00

VOD

Have the link to the VOD?

Description

Time

  • Played on: Nov. 4, 2019, 3:31 p.m.
  • Length: 12:32
Show
View Real Time Build Order
Export as new Build Order

Kiter Protoss - Winner!

Build Orders:  

Get SALT Encoding   

  12  0:01  Probe  
  13  0:13  Probe  
  14  0:18  Pylon  
  14  0:25  Probe (Chrono Boost)  
  15  0:37  Probe (Chrono Boost)  
  15  0:39  Gateway  
  16  0:42  Probe (Chrono Boost)  
  16  0:49  Assimilator  
  17  0:54  Probe  
  18  0:59  Assimilator  
  18  1:07  Probe  
  19  1:16  Gateway  
  19  1:19  Probe  
  20  1:31  Cybernetics Core  
  21  1:40  Pylon, Probe  
  21  1:52  Probe  
  22  2:04  Probe  
  22  2:08  Warp Gate  
  23  2:09  Adept x2 (Chrono Boost)  
  27  2:33  Probe  
  27  2:36  Stalker  
  30  2:47  Pylon  
  30  3:00  Nexus  
  30  3:05  Stalker  
  30  3:47  Probe  
  29  3:56  Pylon  
  29  3:59  Probe  
  30  4:02  Stalker  
  30  4:03  Stalker  
  34  4:11  Probe  
  35  4:18  Probe  
  35  4:20  Robotics Facility  
  35  4:23  Probe (Chrono Boost)  
  37  4:26  Twilight Council  
  37  4:30  Probe (Chrono Boost)  
  38  4:35  Probe (Chrono Boost)  
  38  4:37  Stalker x2  
  43  4:40  Probe (Chrono Boost)  
  43  4:42  Probe (Chrono Boost)  
  45  4:48  Shield Battery  
  45  5:00  Gateway x2  
  45  5:02  Probe x2  
  45  5:03  Charge (Chrono Boost)  
  45  5:04  Gateway  
  47  5:11  Pylon  
  47  5:14  Probe x2  
  47  5:15  Immortal (Chrono Boost)  
  53  5:25  Assimilator  
  53  5:26  Probe  
  54  5:34  Pylon  
  54  5:39  Probe x2  
  56  5:43  Sentry  
  56  5:44  Stalker  
  56  5:49  Immortal (Chrono Boost)  
  60  5:51  Probe x2  
  66  5:57  Assimilator  
  66  6:01  Pylon  
  66  6:03  Stalker  
  68  6:09  Zealot x2  
  72  6:15  Probe x2  
  74  6:21  Warp Prism  
  76  6:37  Forge  
  76  6:39  Shield Battery  
  76  6:45  Zealot x4  
  76  6:46  Zealot  
  86  6:55  Pylon  
  86  6:56  Pylon  
  86  7:17  Nexus  
  86  7:19  Pylon  
  86  7:22  Pylon  
  86  7:35  Probe x2  
  88  7:47  Probe  
  88  7:48  Probe  
  90  8:00  Probe x2  
  90  8:03  Zealot x5  
  92  8:39  Probe x3  
  95  8:43  Assimilator  
  95  8:45  Assimilator  
  95  8:47  Zealot  
  95  8:48  Zealot x4  
  91  8:51  Probe x2  
  73  9:12  Stalker x5  
  83  9:18  Pylon  
  83  9:23  Immortal  
  87  9:27  Probe x3  
  90  9:37  Gateway  
  90  9:39  Gateway  
  90  9:41  Gateway  
  90  9:42  Gateway  
  90  9:44  Gateway  
  90  9:52  Zealot x3  
  94  9:53  Zealot x2  
  94  9:59  Shield Battery  
  100  10:00  Shield Battery  
  100  10:06  Gateway  
  100  10:10  Probe  
  100  10:11  Probe  
  102  10:34  Immortal  
  106  10:47  Zealot x2  
  106  10:48  Zealot x5  
  106  10:49  Zealot x3  
  73  11:14  Stalker x2  
  73  11:15  Stalker x5  
  73  11:16  Stalker x3  
  91  11:25  Probe x2  
  87  11:31  Templar Archives  
  87  11:32  Observer  
  88  11:40  Robotics Facility  
  88  11:41  Zealot x6  
  88  11:42  Zealot  
  88  11:43  Zealot x3  
  108  12:05  Sentry x3  
  114  12:13  Zealot x3  
  114  12:14  Zealot x3  
  118  12:28  Stalker  
Show
View Real Time Build Order
Export as new Build Order

aeox Protoss 

Build Orders:  

Get SALT Encoding   

  12  0:00  Probe  
  13  0:13  Probe  
  14  0:18  Pylon  
  14  0:25  Probe  
  15  0:36  Gateway  
  15  0:44  Probe (Chrono Boost)  
  15  0:47  Assimilator  
  16  0:56  Assimilator, Probe (Chrono Boost)  
  17  1:01  Probe (Chrono Boost)  
  18  1:13  Probe  
  19  1:21  Gateway  
  19  1:26  Probe  
  20  1:40  Cybernetics Core, Probe (Chrono Boost)  
  21  1:50  Probe (Chrono Boost)  
  21  1:51  Pylon  
  22  1:55  Probe (Chrono Boost)  
  23  2:12  Probe  
  24  2:16  Warp Gate (Chrono Boost)  
  24  2:17  Stalker  
  24  2:18  Stalker  
  28  2:25  Probe  
  29  2:40  Pylon  
  29  2:48  Nexus  
  29  2:57  Probe  
  30  3:17  Stalker x2  
  30  3:58  Stalker  
  30  3:59  Stalker  
  34  4:04  Probe (Chrono Boost)  
  34  4:09  Probe (Chrono Boost)  
  36  4:18  Gateway  
  36  4:30  Probe x2  
  38  4:42  Probe  
  37  4:57  Robotics Facility, Probe (Chrono Boost)  
  37  4:59  Pylon  
  39  5:01  Pylon, Probe (Chrono Boost)  
  39  5:11  Probe (Chrono Boost)  
  40  5:20  Probe (Chrono Boost)  
  40  5:21  Probe (Chrono Boost)  
  42  5:23  Twilight Council  
  42  5:31  Probe x2 (Chrono Boost)  
  44  5:38  Assimilator  
  44  5:39  Probe (Chrono Boost)  
  44  5:41  Probe (Chrono Boost)  
  46  5:44  Probe (Chrono Boost)  
  46  5:45  Observer  
  46  5:47  Probe (Chrono Boost)  
  49  5:51  Stalker x2  
  49  5:53  Probe  
  54  5:59  Probe  
  55  6:05  Probe (Chrono Boost)  
  55  6:06  Immortal, Charge  
  60  6:17  Probe x2 (Chrono Boost)  
  62  6:22  Probe (Chrono Boost)  
  62  6:24  Probe (Chrono Boost)  
  64  6:28  Nexus  
  64  6:38  Probe (Chrono Boost)  
  66  6:43  Probe (Chrono Boost)  
  66  6:45  Assimilator  
  67  6:48  Probe (Chrono Boost)  
  67  6:52  Probe (Chrono Boost)  
  67  6:53  Probe (Chrono Boost)  
  68  7:01  Pylon  
  69  7:02  Gateway x2, Probe  
  69  7:04  Gateway  
  69  7:07  Gateway  
  70  7:19  Probe x2  
  70  7:21  Sentry x3  
  78  7:42  Probe (Chrono Boost)  
  78  7:43  Probe (Chrono Boost)  
  81  7:47  Probe (Chrono Boost)  
  81  7:50  Stalker x3  
  87  7:52  Probe (Chrono Boost)  
  80  8:08  Pylon x2  
  74  8:17  Zealot x4  
  74  8:18  Zealot  
  69  8:24  Zealot x2  
  70  8:45  Zealot x6  
  70  8:46  Zealot  
  48  9:07  Zealot x7  
  60  9:32  Zealot x2  
  60  9:33  Zealot x4  
  72  9:44  Probe  
  72  9:45  Probe  
  74  9:47  Forge  
  74  9:56  Sentry, Probe  
  74  9:58  Stalker  
  79  10:15  Immortal  
  83  10:29  Zealot x3  
  83  10:32  Probe x2  
  89  10:38  Zealot  
  79  10:50  Zealot x2  
  78  11:01  Probe x2  
  76  11:13  Zealot x2, Probe  
  76  11:17  Probe  
  78  11:28  Probe (Chrono Boost)  
  78  11:29  Probe (Chrono Boost)  
  79  11:39  Probe (Chrono Boost)  
  81  11:41  Probe (Chrono Boost)  
  81  11:49  Probe  
  82  11:55  Stalker  
  82  11:57  Sentry  
  86  12:03  Nexus  
Tags
 
Add a new tag
Caveats
  • Supply blocks, unpowered buildings, or Contaminate may cause inaccurate times.
  • Supply counts are checked every 10 seconds.